 Dungeon Crawl Stone Soup version 0.30-a0-279-g4b46babb21 (webtiles) character file.

Game seed: 8376906578376331818

3256 Bnni the Carver (level 9, -2/72 HPs)
             Began as a Demonspawn Warper on Oct 16, 2022.
             Was an Elder of Nemelex Xobeh.
             Killed from afar by a steam dragon (16 damage)
             ... with a ball of steam
             ... on level 7 of the Dungeon.
             The game lasted 00:21:42 (6133 turns).

Bnni the Carver (Demonspawn Warper)                 Turns: 6133, Time: 00:21:44

Health: -2/72      AC: 11    Str: 12    XL:     9   Next: 67%
Magic:  15/15      EV:  9    Int: 15    God:    Nemelex Xobeh [****..]
Gold:   642        SH:  0    Dex: 16    Spells: 10/12 levels left

rFire   . . .      SeeInvis .    j - +6 scimitar
rCold   . . .      Faith    .    (no shield)
rNeg    + . .      Spirit   .    b - +4 scale mail
rPois   .          Reflect  .    (helmet restricted)
rElec   .          Harm     .    (no cloak)
rCorr   .          Rampage  .    (no gloves)
Will    .....                    (no boots)
Stlth   ..........               h - amulet of regeneration
HPRegen 1.12/turn                z - ring of positive energy
MPRegen 0.14/turn                (no ring)

@: no status effects
A: antennae 2, foul stench 1, sharp scales 1, demonic magic 2
a: Renounce Religion, Draw Escape, Draw Destruction, Draw Summoning, Triple
Draw, Deal Four


You were on level 7 of the Dungeon.
You worshipped Nemelex Xobeh.
Nemelex Xobeh was greatly pleased with you.
You visited 1 branch of the dungeon, and saw 7 of its levels.
You also visited: Ossuary.

You collected 642 gold pieces.

Inventory:

Hand Weapons
 j - a +6 scimitar (weapon)
 A - a +2 dagger of venom
Missiles
 d - 5 boomerangs of dispersal (quivered)
Armour
 b - a +4 scale mail (worn)
 o - a +3 leather armour of cold resistance
Jewellery
 h - an amulet of regeneration (around neck)
 z - a ring of positive energy (left hand)
Wands
 k - a wand of flame (10)
 n - a wand of quicksilver (16)
 s - a wand of digging (2)
Scrolls
 c - 2 scrolls of blinking
 g - 4 scrolls of teleportation
 i - a scroll of enchant armour
 l - a scroll of fog
 p - 3 scrolls of poison
Potions
 a - a potion of curing
 e - a potion of ambrosia {unknown}
 f - 3 potions of brilliance
 m - 2 potions of cancellation
 q - a potion of mutation {unknown}
 r - a potion of flight {unknown}
 t - a potion of lignification {unknown}
 v - 2 potions of invisibility {unknown}
 w - a potion of attraction {unknown}


   Skills:
 + Level 7.2 Fighting
 * Level 9.2 Long Blades
 - Level 0.8 Throwing
 - Level 0.8 Armour
 - Level 1.7 Dodging
 - Level 2.0 Spellcasting
 - Level 2.6 Translocations
 + Level 8.5 Invocations


You had 10 spell levels left.
You knew the following spells:

 Your Spells              Type           Power      Damage    Failure   Level
b - Blink                 Tloc           18%        N/A       52%         2

Your spell library contained the following spells:

 Spells                   Type           Power      Damage    Failure   Level
 Lesser Beckoning         Tloc           18%        N/A       75%         3
 Teleport Other           Tloc           9%         N/A       75%         3
 Ensorcelled Hibernation  Hex/Ice        2%         N/A       87%         2
 Passwall                 Tmut/Erth      0%         N/A       87%         2
 Sublimation of Blood     Necr           1%         N/A       87%         2
 Wereblood                Tmut           1%         N/A       87%         2
 Portal Projectile        Hex/Tloc       10%        N/A       90%         3
 Vhi's Electric Charge    Tloc/Air       10%        N/A       90%         3
 Call Canine Familiar     Summ           1%         N/A       98%         3
 Dazzling Flash           Conj/Hex       2%         N/A       98%         3
 Stone Arrow              Conj/Erth      2%         3d7       98%         3
 Swiftness                Air            1%         N/A       98%         3
 Manifold Assault         Tloc           9%         N/A       98%         4
 Animate Armour           Summ/Erth      2%         N/A       100%        4
 Cause Fear               Hex            0%         N/A       100%        4
 Iskenderun's Mystic Bla  Conj/Tloc      5%         2d3       100%        4
 Leda's Liquefaction      Hex/Erth       0%         N/A       100%        4
 Starburst                Conj/Fire      0%         6d3       100%        6
 Dragon Form              Tmut           0%         N/A       100%        7
 Summon Hydra             Summ           0%         N/A       100%        7
 Lehudib's Crystal Spear  Conj/Erth      0%         10d2      100%        8
 Dragon's Call            Summ           0%         N/A       100%        9


Dungeon Overview and Level Annotations

Branches:
Dungeon (7/15)             Temple (0/1) D:4         Ossuary (visited)

Altars:
Dithmenos
Kikubaaqudgha
Nemelex Xobeh
Qazlal
Trog
Vehumet
Wu Jian
Xom
Yredelemnul

Shops:
D:1 =:


Innate Abilities, Weirdness & Mutations

You have a pair of antennae on your head.
You may rarely emit foul miasma when damaged in melee.
You are partially covered in razor-sharp scales. (AC +1, Slay +1)
Spells you cast may paralyse nearby enemies.


Message History

You closely miss the steam dragon.
You are engulfed in a cloud of scalding steam.
The orc is no longer moving slowly. x2
You kill the orc!
The steam dragon bites you but does no damage.
The steam dragon barely misses you. The orc hits you but does no damage.
The orc is engulfed in dark miasma.
The orc looks even sicker.
The orc seems to slow down.
You kill the orc!
The orc warrior is engulfed in dark miasma.
The orc warrior looks even sicker.
The orc warrior hits you with a +0 flail.
You slash the orc warrior!
You kill the orc warrior!
You are engulfed in a cloud of scalding steam.
* * * LOW HITPOINT WARNING * * *
The steam dragon bites you but does no damage.
The steam dragon claws you.
* * * LOW HITPOINT WARNING * * *
The orc closely misses you.
You completely miss the steam dragon.
You are engulfed in a cloud of scalding steam.
* * * LOW HITPOINT WARNING * * *
The steam dragon barely misses you.
The steam dragon claws you but does no damage.
The orc hits you but does no damage.
Unknown command.
You draw a card...
You have drawn Velocity.
The orc seems to slow down.
The steam dragon seems to slow down.
The steam dragon bites you but does no damage.
The steam dragon barely misses you. The orc barely misses you.
You hit the steam dragon.
The steam dragon is moderately wounded.
You hit the steam dragon.
The steam dragon is moderately wounded.
The orc hits you but does no damage. The steam dragon breathes steam at you.
The ball of steam hits you!
You die...
Your body disappears without a glow.

...# #..### ##########.
.....# #....## #..........
......##..#..####.########.
..<.............#.# ##
........#######.#.# #
........#.....#.#.# #
........#.....#.#.# #
.........D)_..#.#.# #
...##..#o@°..#.#.# #
#..#.....#.#.# #
#..#######.#.#
#..........#.#
#.####.##..#.# ...
#.###...# ###. #.# ###.# #.
..# #.# #. ### #.#


You could see a steam dragon (slow, catching breath) and an orc (slow).

Vanquished Creatures
  Pikel (D:4)
  Sigmund (D:2)
  A black bear (D:7)
  2 orc warriors
  An ice beast (D:5)
  2 centaurs
  2 phantoms
  2 lemures
  3 elf zombies (D:4)
  A kobold brigand (D:7)
  A bullfrog (D:4)
  5 wights (D:6)
  4 howler monkeys
  2 hounds
  2 jellies
  4 orc priests
  A gnoll bouda (D:6)
  2 human skeletons (D:4)
  3 iguanas (D:5)
  Ijyb (D:3)
  6 orc wizards
  6 mummies (Ossuary)
  3 gnolls (D:6)
  9 adders
  A shadow imp (D:5)
  2 ufetubi
  2 dart slugs
  33 orcs
  3 bats
  6 endoplasms
  5 giant cockroaches
  3 gnoll zombies (Ossuary)
  7 goblins
  8 hobgoblins
  7 jackals
  7 kobolds
  6 quokkas
  2 ball pythons
  5 frilled lizards
  A hobgoblin zombie (Ossuary)
  2 kobold zombies (Ossuary)
  3 orc zombies
  5 rats
173 creatures vanquished.

Vanquished Creatures (collateral kills)
  Maggie (D:6)
  2 mummies (Ossuary)
  A gnoll (D:6)
  A kobold (D:6)
5 creatures vanquished.

Grand Total: 178 creatures vanquished

Notes
Turn   | Place    | Note
-------+----------+-------------------------------------------
     0 | D:1      | Bnni the Demonspawn Warper began the quest for the Orb.
     0 | D:1      | Reached XP level 1. HP: 16/16 MP: 3/3
    25 | D:1      | Reached skill level 2 in Long Blades
   138 | D:1      | Gained mutation: You have a pair of small antennae on your
                  | head. [demonic ancestry]
   138 | D:1      | Reached XP level 2. HP: 22/22 MP: 5/5
   303 | D:1      | Learned a level 2 spell: Blink
   341 | D:1      | Found Paddytr Need's Vocational Training.
   526 | D:1      | Found a faded altar of an unknown god.
   553 | D:1      | Gained mutation: You have a pair of antennae on your head.
                  | [demonic ancestry]
   553 | D:1      | Reached XP level 3. HP: 19/28 MP: 6/6
   735 | D:1      | Reached skill level 3 in Long Blades
   771 | D:1      | Prayed at the altar of an unknown god.
   771 | D:1      | Became a worshipper of Nemelex Xobeh the Trickster
   771 | D:1      | Reached * piety under Nemelex Xobeh
   771 | D:1      | Received a gift from Nemelex Xobeh
   906 | D:1      | Found Neus's Jewellery Shoppe.
   985 | D:2      | Found a shimmering altar of Xom.
  1128 | D:2      | Noticed Sigmund
  1131 | D:2      | Identified the -2 hand axe "Dusuv" {spect, rF- rN++}
  1141 | D:2      | Killed Sigmund
  1142 | D:2      | Reached skill level 4 in Long Blades
  1142 | D:2      | Gained mutation: Spells you cast may paralyse adjacent
                  | enemies. [demonic ancestry]
  1142 | D:2      | Reached XP level 4. HP: 35/35 MP: 7/7
  1142 | D:2      | Reached XP level 5. HP: 41/41 MP: 8/8
  1502 | D:2      | Reached ** piety under Nemelex Xobeh
  1590 | D:3      | Found a shadowy altar of Dithmenos.
  1612 | D:3      | Noticed Ijyb
  1619 | D:3      | HP: 1/41 [Ijyb/bolt of dispelling energy (21)]
  1620 | D:3      | Killed Ijyb
  1690 | D:3      | Gained mutation: You may rarely emit foul miasma when
                  | damaged in melee. [demonic ancestry]
  1690 | D:3      | Reached XP level 6. HP: 47/47 MP: 9/9
  1933 | D:3      | Found a stormy altar of Qazlal.
  1980 | D:3      | Received a gift from Nemelex Xobeh
  1981 | D:3      | Found an ornate altar of the Wu Jian Council.
  2635 | D:4      | Reached *** piety under Nemelex Xobeh
  2747 | D:4      | Reached skill level 5 in Long Blades
  2788 | D:4      | Reached XP level 7. HP: 53/54 MP: 10/10
  2843 | D:4      | Found a sand-covered staircase.
  2849 | Ossuary  | Entered an ossuary
  3172 | D:4      | Received a gift from Nemelex Xobeh
  3239 | D:4      | Reached skill level 6 in Long Blades
  3254 | D:4      | Noticed Pikel
  3327 | D:4      | Killed Pikel
  3328 | D:4      | Reached skill level 5 in Fighting
  3328 | D:4      | Reached skill level 5 in Invocations
  3328 | D:4      | Gained mutation: You are partially covered in razor-sharp
                  | scales. (AC +1, Slay +1) [demonic ancestry]
  3328 | D:4      | Reached XP level 8. HP: 61/63 MP: 10/12
  3345 | D:4      | Found a staircase to the Ecumenical Temple.
  3515 | D:4      | Reached skill level 7 in Long Blades
  3591 | D:4      | Received a gift from Nemelex Xobeh
  3863 | D:5      | Entered Level 5 of the Dungeon
  4404 | D:5      | Found a bloodstained altar of Trog.
  4449 | D:5      | Reached **** piety under Nemelex Xobeh
  4752 | D:6      | Noticed Maggie
  4779 | D:6      | Killed Maggie
  4780 | D:6      | Reached skill level 8 in Long Blades
  4780 | D:6      | Gained mutation: Spells you cast may paralyse nearby
                  | enemies. [demonic ancestry]
  4780 | D:6      | Reached XP level 9. HP: 27/70 MP: 14/14
  4819 | D:6      | Found a radiant altar of Vehumet.
  5043 | D:6      | Found an ancient bone altar of Kikubaaqudgha.
  5390 | D:6      | Received a gift from Nemelex Xobeh
  5917 | D:7      | Reached skill level 9 in Long Blades
  6088 | D:7      | Found a basalt altar of Yredelemnul.
  6133 | D:7      | Killed from afar by a steam dragon

Illustrated notes

Levels and vault maps discovered:
D:1:      spicycebolla_green_bress_n_ham, layout_loops_ring, serial_shops,
          nicolae_shop_temple_entry_statues_fountains,
          hellmonk_ecumenical_altar_zigzags, chequers_serial_rivers_micro_b,
          kennysheep_nondescript, amcnicky_mini_rare_corridor_liquid,
          nicolae_shop_vocational
D:2:      layout_basic, serial_aquarium, aquarium_bridge_straight
          [aquarium_subvault_bridge, aquarium_subvault_wall,
          aquarium_subvault_bridge, aquarium_subvault_wall],
          aquarium_bridge_square [aquarium_subvault_bridge,
          aquarium_subvault_wall, aquarium_subvault_bridge,
          aquarium_subvault_bridge], aquarium_window_2, aquarium_window_fake,
          aquarium_view_2c, aquarium_view_2b, aquarium_balcony_3a,
          aquarium_pool_2, basic_altar, uniq_sigmund
D:3:      layout_basic, chequers_temple_overflow_statue_of_worship,
          nicolae_qazlal_eye_of_the_storm, uniq_ijyb
D:4:      layout_basic, minmay_temple_entry_statues_fountains,
          nicolae_ossuary_entry_catacombs, uniq_pikel
D:5:      layout_loops_ring, kennysheep_little_box
D:6:      layout_basic, lemuel_round_altar, kiku_gazebo_pond_becter,
          vehumet_altar_wand_db, uniq_maggie
D:7:      layout_loops_ring, amcnicky_altar_gilded

Skill      XL: |  1  2  3  4  5  6  7  8  9 |
---------------+----------------------------+-----
Long Blades    | 2 4 5 6 8 9 |  9.2
Fighting       | 3 4 5 6 7 |  7.2
Invocations    | 2 3 5 7 8 |  8.5
Throwing       | |  0.8
Armour         | |  0.8
Dodging        | |  1.7
Spellcasting   | |  2.0
Translocations | |  2.6

Action                   |  1- 3 |  4- 6 |  7- 9 || total
-------------------------+-------+-------+-------++-------
Melee: Falchion          |   154 |    61 |   202 ||   417
       Halberd           |       |    82 |    64 ||   146
       Punch             |       |       |    10 ||    10
       Dagger            |       |       |   140 ||   140
       Scimitar          |       |       |    79 ||    79
Throw: Boomerang         |       |       |     2 ||     2
Invok: Draw Destruction  |     1 |     2 |     6 ||     9
       Draw Summoning    |     1 |       |     3 ||     4
       Draw Escape       |       |       |     1 ||     1
  Use: Potion            |     1 |       |     5 ||     6
       Scroll            |       |       |    14 ||    14
 Stab: Sleeping          |     1 |       |       ||     1
Armor: Leather armour    |    33 |    25 |       ||    58
       Scale mail        |       |    33 |   287 ||   320
Dodge: Dodged            |    89 |    66 |   261 ||   416

Table legend: (Time is in decaauts)
 A = Elapsed time spent in this place.
 B = Non-inter-level travel time spent in this place.
 C = Inter-level travel time spent in this place.
 D = Time resting spent in this place.
 E = Time spent auto-exploring this place.
 F = Levels seen in this place.
 G = Mean time per level.
                   A        B        C        D        E       F      G
               +--------+--------+--------+--------+--------+-----+--------+
         Total |   6179 |   5994 |    185 |    333 |   3943 |   8 |  772.4 |
       Dungeon |   5929 |   5744 |    185 |    309 |   3876 |   7 |  847.0 |
       Ossuary |    249 |    249 |      0 |     24 |     67 |   1 |  249.0 |
               +--------+--------+--------+--------+--------+-----+--------+

Top non-repeatable levels by time:
     D:6: 1096 daAuts
     D:3: 1095 daAuts
     D:4: 997 daAuts
     D:1: 986 daAuts
     D:5: 832 daAuts
     D:2: 611 daAuts
     D:7: 309 daAuts
 Ossuary: 249 daAuts
